 Dungeon Crawl Stone Soup version 0.24-a0-292-g5c6fb1c (webtiles) character file.

Game seed: 1422597672972702045

8 galech the Skirmisher (level 2, 13/24 HPs)
             Began as a Demonspawn Fighter on May 10, 2019.
             Quit the game on level 1 of the Dungeon.
             The game lasted 00:00:13 (238 turns).

galech the Skirmisher (Demonspawn Fighter)           Turns: 238, Time: 00:00:14

Health: 13/24      AC:  6    Str: 16    XL:     2   Next: 0%
Magic:  2/2        EV:  6    Int:  9    God:
Gold:   25         SH:  8    Dex: 12    Spells: 1/1 levels left

rFire    . . .     SeeInvis .   a - +0 war axe
rCold    . . .     Gourm    .   c - +0 shield
rNeg     . . .     Faith    .   b - +0 scale mail
rPois    .         Spirit   .   (helmet restricted)
rElec    .         Reflect  .   (no cloak)
rCorr    .         Harm     .   (no gloves)
MR       .....                  (no boots)
Stlth    ..........             (no amulet)
HPRegen  0.08/turn              (no ring)
MPRegen  0.08/turn              (no ring)

@: no status effects
A: horns 1
a: no special abilities


You were on level 1 of the Dungeon.
You were not hungry.

You visited 1 branch of the dungeon, and saw 1 of its levels.

You collected 25 gold pieces.

Inventory:

Hand Weapons
 a - a +0 war axe (weapon)
Armour
 b - a +0 scale mail (worn)
 c - a +0 shield (worn)
Scrolls
 e - 3 scrolls of magic mapping {unknown}
Potions
 d - a potion of might
 g - a potion of invisibility {unknown}
Comestibles
 f - 4 rations
 h - a chunk of flesh


   Skills:
 + Level 3.1 Fighting
 + Level 1.9 Axes
 + Level 2.8 Armour
 + Level 2.8 Shields


You had one spell level left.
You didn't know any spells.
Your spell library was empty.

Dungeon Overview and Level Annotations

Branches:
Dungeon (1/15)

Altars:


Innate Abilities, Weirdness & Mutations

You have a pair of small horns on your head.


Message History

You are too injured to fight recklessly!
You are too injured to fight recklessly!
You are too injured to fight recklessly!
You are too injured to fight recklessly!
You are too injured to fight recklessly!
You are too injured to fight recklessly!
You are too injured to fight recklessly!
You are too injured to fight recklessly!
You are too injured to fight recklessly!
You are too injured to fight recklessly!
You slash the jackal!
You kill the jackal!
You have reached level 2!
Your demonic ancestry asserts itself...
A pair of horns grows on your head!
You see here a jackal corpse.
You butcher the jackal corpse.
h - a chunk of flesh You see here a jackal skeleton.
Are you sure you want to abandon this character and quit the game? (Confirm with "yes".)

.........#.####.##.##.....##.##..
....####.#.# #.##.####.####.##..
###.# #.#.# #.##.# ##.## #.##..
..#.####.#.## #.##.. ... ..##..
#.#..........##.#### ##.## ####..
#...............#######.#######..
.................................
###..####.......###...#..........
#..# .......@...#...#########
###..####.......#####.###
........#....... #.#
#.♣♣♣≈#......... #.# #..≈ ♣#
.###.### #.# ##P♣≈. .... #.# # #.
## ### #.# # ## #.. # ###


There were no monsters in sight!

Vanquished Creatures
  A bat (D:1)
  A giant cockroach (D:1)
  4 jackals (D:1)
6 creatures vanquished.

Notes
Turn   | Place    | Note
-------+----------+-------------------------------------------
     0 | D:1      | galech the Demonspawn Fighter began the quest for the Orb.
     0 | D:1      | Reached XP level 1. HP: 18/18 MP: 1/1
   234 | D:1      | Gained mutation: You have a pair of small horns on your
                  | head. [demonic ancestry]
   234 | D:1      | Reached XP level 2. HP: 13/24 MP: 2/2
   238 | D:1      | Quit the game

Levels and vault maps discovered:
D:1:      minmay_arrival_widening_spiral_wide, layout_loops_ring,
          roderic_three_in_a_row, serial_bayou_pond_d,
          hangedman_decor_slide_cut, minmay_misc_feat_secret_circle,
          roderic_nine_men_s_morris, minmay_stone_trees_small

Action                   || total
-------------------------++-------
Melee: War axe           ||    31
Armor: Scale mail        ||    23
Dodge: Dodged            ||    11
Block: Shield            ||    19

Table legend:
 A = Non-vault XP
 B = Vault XP
 C = Vault XP percentage of total XP
 D = Non-vault monster count
 E = Vault monster count
 F = Vault count percentage of total count
                 A         B        C        D         E       F
            +---------+---------+-------+---------+---------+-------
      Total |      12 |       0 |   0.0 |       6 |       0 |   0.0
            +---------+---------+-------+---------+---------+-------
        D:1 |      12 |       0 |   0.0 |       6 |       0 |   0.0
            +---------+---------+-------+---------+---------+-------
